 Dungeon Crawl Stone Soup version 0.30-a0-622-gddc90eaa04 (webtiles) character file.

Game seed: 4998244751020351307

631 testman the Slasher (level 7, -2/51 HPs)
             Began as a Gnoll Wanderer on Jan 10, 2023.
             Was a Follower of the Shining One.
             Slain by a lemure (6 damage)
             ... led by Pikel
             ... on level 5 of the Dungeon.
             The game lasted 00:09:20 (3291 turns).

testman the Slasher (Gnoll Wanderer)                Turns: 3291, Time: 00:09:21

Health: -2/51      AC:  6    Str: 16    XL:     7   Next: 48%
Magic:  7/10       EV: 14    Int: 10    God:    the Shining One [*.....]
Gold:   242        SH:  7    Dex: 16    Spells: 11/11 levels left

rFire   . . .      SeeInvis .    a - +2 falchion
rCold   . . .      Faith    +    (no shield)
rNeg    + . .      Spirit   .    j - +0 leather armour "Utzezocs" {+Blink rN+ Int+3}
rPois   .          Reflect  .    G - +1 helmet of Weirdness {Str+3 Stlth+}
rElec   .          Harm     .    i - +0 cloak
rCorr   .          Rampage  .    (no gloves)
Will    .....                    (no boots)
Stlth   +                        E - amulet of faith
HPRegen 0.28/turn                t - +4 ring of slaying
MPRegen 0.12/turn                (no ring)

@: mighty, divinely shielded, on blink cooldown, glowing
A: fangs 1, strong nose, distributed training
a: Renounce Religion, Evoke Blink, Divine Shield


You were on level 5 of the Dungeon.
You worshipped the Shining One.
The Shining One was aware of your devotion.
You visited 1 branch of the dungeon, and saw 5 of its levels.

You collected 242 gold pieces.

Inventory:

Hand Weapons
 a - a +2 falchion (weapon)
 b - a +0 spear
 d - a +2 dagger of electrocution
 F - a +0 long sword
Missiles
 y - 5 poisoned darts (quivered)
Armour
 i - a +0 cloak (worn)
 j - the +0 leather armour "Utzezocs" (worn) {+Blink rN+ Int+3}
   (You found it on level 2 of the Dungeon)

   Int:       It affects your intelligence (+3).
   rN:        It protects you from negative energy.
   +Blink:    It lets you blink.
 m - a +0 kite shield
 G - the +1 helmet of Weirdness (worn) {Str+3 Stlth+}
   (You found it on level 5 of the Dungeon)

   Str:       It affects your strength (+3).
   Stlth:     It makes you more stealthy.
Jewellery
 s - an amulet of magic regeneration
 t - a +4 ring of slaying (left hand)
 E - an amulet of faith (around neck)
Wands
 u - a wand of roots (11)
Scrolls
 g - 2 scrolls of identify
 h - a scroll of enchant armour {unknown}
 l - 4 scrolls of immolation {unknown}
 p - a scroll of silence {unknown}
 q - 2 scrolls of noise {unknown}
 r - 4 scrolls of teleportation {unknown}
 v - a scroll of vulnerability {unknown}
 x - a scroll of torment {unknown}
Potions
 k - 3 potions of attraction
 n - a potion of brilliance {unknown}
 o - a potion of might
 w - 2 potions of invisibility {unknown}
 z - a potion of curing {unknown}
 A - a potion of ambrosia {unknown}
 B - a potion of mutation {unknown}
 C - a potion of lignification {unknown}
 D - a potion of flight {unknown}


   Skills:
 + Level 2.6 Fighting
 + Level 2.6 Short Blades
 + Level 7.1 Long Blades
 + Level 2.6 Axes
 + Level 2.6 Maces & Flails
 + Level 5.3 Polearms
 + Level 2.6 Staves
 + Level 2.6 Ranged Weapons
 + Level 2.6 Throwing
 + Level 3.7 Armour
 + Level 5.3 Dodging
 + Level 2.6 Stealth
 + Level 2.6 Shields
 + Level 2.6 Unarmed Combat
 + Level 2.6 Spellcasting
 + Level 2.1 Conjurations
 + Level 2.1 Hexes
 + Level 2.1 Summonings
 + Level 2.1 Necromancy
 + Level 2.1 Translocations
 + Level 2.1 Transmutations
 + Level 2.1 Fire Magic
 + Level 2.1 Ice Magic
 + Level 2.1 Air Magic
 + Level 2.1 Earth Magic
 + Level 2.1 Poison Magic
 + Level 3.9 Invocations
 + Level 3.7 Evocations


You had 11 spell levels left.
You didn't know any spells.
Your spell library contained the following spells:

 Spells                   Type           Power      Damage    Failure   Level
 Ozocubu's Armour         Ice            5%         N/A       41%         3
 Ozocubu's Refrigeration  Ice            2%         4d8       100%        7


Dungeon Overview and Level Annotations

Branches:
Dungeon (5/15)             Temple (0/1) D:4

Altars:
Dithmenos
The Shining One

Shops:
D:5 :

Annotations:
D:5 1 transporter, Pikel


Innate Abilities, Weirdness & Mutations

You have very sharp teeth.
Your uncanny sense of smell can sniff out nearby items.
Your experience applies equally to all skills.


Message History

Pikel is heavily wounded.
Pikel hits you with a +2 whip of freezing.
Pikel freezes you.
You barely miss Pikel.
Pikel is heavily wounded.
Pikel hits you with a +2 whip of freezing!
Pikel freezes you. The lemure completely misses you.
Okay, then.
A divine shield forms around you! The lemure hits you.
* * * LOW HITPOINT WARNING * * *
Pikel closely misses you. The lemure hits you.
* * * LOW HITPOINT WARNING * * *
You hit Pikel.
Pikel is heavily wounded.
The lemure hits you.
* * * LOW HITPOINT WARNING * * *
You block Pikel's attack. You block the lemure's attack.
You hit Pikel.
Pikel is severely wounded.
The lemure completely misses you.
Pikel hits you with a +2 whip of freezing.
* * * LOW HITPOINT WARNING * * *
Pikel freezes you.
* * * LOW HITPOINT WARNING * * *
The lemure closely misses you.
Okay, then.
You blink.
Okay, then.
Okay, then.
The air fills with toxic fumes!
As you read the scroll labelled NEH ZAEDWUAN, it crumbles to dust.
It was a scroll of poison.
The lemure misses you.
As you read the scroll labelled TIGRUG DAZEY, it crumbles to dust.
It is a scroll of identify.
k - 3 potions of attraction The lemure closely misses you.
It was a potion of might.
You feel very mighty all of a sudden. The lemure hits you.
You die...

### ####### # # #.#
#§§§§§# .#[# #.#
#§§§§§##§#§## #.#
#§§§§§§§§§§§#
#######<#####§§§@55#....#
.........§§§§§§§§§§§§§§§#
#######.##§§§§§§##K#§§§§#
#######.##§§§§§§##§#.§§§#
#.....#[##§§§§§§+55§ ..§.
(........§§§§§§§##.#§ .##
###########§###§##.#§§.#
..... #§. §§...# §§
####### #.. .##.# ..#


You could see Pikel and 2 lemures.

Vanquished Creatures
  An ice beast (D:4)
  A phantom (D:4)
  A necrophage (D:4)
  A scorpion (D:4)
  A howler monkey (D:4)
  2 hounds
  An orc wizard (D:3)
  2 iguanas (D:4)
  8 adders
  A worm (D:4)
  A dart slug (D:1)
  5 orcs
  12 ball pythons
  8 endoplasms
  4 giant cockroaches
  6 goblins
  5 hobgoblins
  4 kobolds
  5 quokkas
  6 bats
  5 frilled lizards
  3 rats
83 creatures vanquished.

Vanquished Creatures (others)
  4 plants (D:2)
4 creatures vanquished.

Grand Total: 87 creatures vanquished

Notes
Turn   | Place    | Note
-------+----------+-------------------------------------------
     0 | D:1      | testman the Gnoll Wanderer began the quest for the Orb.
     0 | D:1      | testman set off with the following items: a +2 falchion, a
                  | +0 spear, a +0 helmet, a potion of heal wounds, a +0
                  | leather armour.
     0 | D:1      | Reached XP level 1. HP: 13/13 MP: 2/2
   103 | D:1      | Reached XP level 2. HP: 18/19 MP: 3/3
   104 | D:1      | You fall into a shaft and drop 1 floor!
   117 | D:2      | Found a glowing golden altar of the Shining One.
   134 | D:2      | Identified the +0 leather armour "Utzezocs" {+Blink rN+
                  | Int+3}
   150 | D:2      | Became a worshipper of the Shining One
   254 | D:1      | Reached XP level 3. HP: 13/25 MP: 4/4
   794 | D:2      | Reached skill level 1 in Fighting
   794 | D:2      | Reached skill level 1 in Short Blades
   794 | D:2      | Reached skill level 1 in Axes
   794 | D:2      | Reached skill level 1 in Maces & Flails
   794 | D:2      | Reached skill level 1 in Staves
   794 | D:2      | Reached skill level 1 in Ranged Weapons
   794 | D:2      | Reached skill level 1 in Throwing
   794 | D:2      | Reached skill level 1 in Stealth
   794 | D:2      | Reached skill level 1 in Shields
   794 | D:2      | Reached skill level 1 in Unarmed Combat
   794 | D:2      | Reached skill level 1 in Spellcasting
  1370 | D:3      | Reached XP level 4. HP: 32/32 MP: 6/6
  1394 | D:3      | Reached skill level 1 in Conjurations
  1394 | D:3      | Reached skill level 1 in Hexes
  1394 | D:3      | Reached skill level 1 in Summonings
  1394 | D:3      | Reached skill level 1 in Necromancy
  1394 | D:3      | Reached skill level 1 in Translocations
  1394 | D:3      | Reached skill level 1 in Transmutations
  1394 | D:3      | Reached skill level 1 in Fire Magic
  1394 | D:3      | Reached skill level 1 in Ice Magic
  1394 | D:3      | Reached skill level 1 in Air Magic
  1394 | D:3      | Reached skill level 1 in Earth Magic
  1394 | D:3      | Reached skill level 1 in Poison Magic
  1413 | D:3      | HP: 1/32 [kobold/+2 dagger of electrocution (17)]
  1957 | D:3      | Reached XP level 5. HP: 37/37 MP: 7/7
  2213 | D:4      | Noticed a phantom
  2214 | D:4      | Reached XP level 6. HP: 44/44 MP: 8/8
  2216 | D:4      | Reached skill level 5 in Polearms
  2216 | D:4      | Reached skill level 5 in Dodging
  2356 | D:4      | Found a staircase to the Ecumenical Temple.
  2356 | D:4      | Noticed an ice beast
  2356 | D:4      | Reached * piety under the Shining One
  2370 | D:4      | Killed an ice beast
  2371 | D:4      | Reached skill level 7 in Long Blades
  2371 | D:4      | Reached XP level 7. HP: 10/51 MP: 10/10
  3057 | D:5      | Entered Level 5 of the Dungeon
  3117 | D:5      | Found a transporter.
  3163 | D:5      | Found a shadowy altar of Dithmenos.
  3223 | D:5      | Found Neistraig's Book Boutique.
  3227 | D:5      | Identified the +1 helmet of Weirdness {Str+3 Stlth+}
  3266 | D:5      | Noticed Pikel
  3291 | D:5      | Slain by a lemure

Illustrated notes

Levels and vault maps discovered:
D:1:      nicolae_arrival_washed_ashore, layout_rooms, minmay_vboxes
D:2:      layout_rooms, serial_forest, infiniplex_forest_clump_medium,
          infiniplex_forest_clump_tiny, infiniplex_forest_clump_small,
          infiniplex_forest_clump_large, infiniplex_forest_straight_2,
          infiniplex_forest_straight_2, basic_altar
D:3:      layout_basic, nicolae_concentric_dashed_squares_mild
D:4:      minmay_recursive_quarters, layout_rooms, minmay_temple_entry_trees
D:5:      gammafunk_cloud_chamber, layout_basic, grunt_dithmenos_smoke,
          serial_shops, nicolae_shop_temple_entry_statues_fountains,
          nicolae_stop_n_shop_1, nicolae_inconvenience_store,
          chequers_mini_garden, uniq_pikel

Skill      XL: |  1  2  3  4  5  6 |
---------------+-------------------+-----
Fighting       | 1 2 |  2.6
Short Blades   | 1 2 |  2.6
Axes           | 1 2 |  2.6
Maces & Flails | 1 2 |  2.6
Staves         | 1 2 |  2.6
Ranged Weapons | 1 2 |  2.6
Throwing       | 1 2 |  2.6
Stealth        | 1 2 |  2.6
Shields        | 1 2 |  2.6
Unarmed Combat | 1 2 |  2.6
Spellcasting   | 1 2 |  2.6
Conjurations   | 1 2 |  2.1
Hexes          | 1 2 |  2.1
Summonings     | 1 2 |  2.1
Necromancy     | 1 2 |  2.1
Translocations | 1 2 |  2.1
Transmutations | 1 2 |  2.1
Fire Magic     | 1 2 |  2.1
Ice Magic      | 1 2 |  2.1
Air Magic      | 1 2 |  2.1
Earth Magic    | 1 2 |  2.1
Poison Magic   | 1 2 |  2.1
Invocations    | 3 |  3.9
Armour         | 3 |  3.7
Evocations     | 3 |  3.7
Polearms       | 5 |  5.3
Dodging        | 5 |  5.3
Long Blades    | 7 |  7.1

Action                   |  1- 3 |  4- 6 |  7- 9 || total
-------------------------+-------+-------+-------++-------
Melee: Falchion          |    94 |    66 |    42 ||   202
       Bite              |     5 |    12 |     3 ||    20
       Punch             |       |     2 |     2 ||     4
Invok: Divine Shield     |       |       |     1 ||     1
 Abil: Evoke Blink       |       |       |     1 ||     1
  Use: Potion            |       |     1 |     1 ||     2
       Scroll            |       |       |     2 ||     2
 Stab: Sleeping          |     1 |       |       ||     1
Armor: Leather armour    |    20 |    11 |     4 ||    35
Dodge: Dodged            |    54 |    37 |    27 ||   118
Block: Other             |       |       |     2 ||     2

Table legend: (Time is in decaauts)
 A = Elapsed time spent in this place.
 B = Non-inter-level travel time spent in this place.
 C = Inter-level travel time spent in this place.
 D = Time resting spent in this place.
 E = Time spent auto-exploring this place.
 F = Levels seen in this place.
 G = Mean time per level.
                   A        B        C        D        E       F      G
               +--------+--------+--------+--------+--------+-----+--------+
         Total |   3282 |   3119 |    163 |     80 |   2485 |   5 |  656.4 |
       Dungeon |   3282 |   3119 |    163 |     80 |   2485 |   5 |  656.4 |
               +--------+--------+--------+--------+--------+-----+--------+

Top non-repeatable levels by time:
     D:3: 1007 daAuts
     D:4: 899 daAuts
     D:2: 590 daAuts
     D:1: 552 daAuts
     D:5: 231 daAuts
